 Dungeon Crawl Stone Soup version 0.27-a0-1312-g5cdb2b3542 (webtiles) character file.

Game seed: 5026254412126572297

45 Demosthentine the Poker (level 3, -4/28 HPs)
             Began as a Merfolk Gladiator on June 20, 2021.
             Slain by Sigmund (9 damage)
             ... on level 2 of the Dungeon.
             The game lasted 00:03:42 (2149 turns).

Demosthentine the Poker (Merfolk Gladiator)         Turns: 2149, Time: 00:03:43

Health: -4/28      AC:  6    Str: 15    XL:     3   Next: 64%
Magic:  3/3        EV: 21    Int:  7    God:
Gold:   106        SH:  0    Dex: 15    Spells: 2/2 levels left

rFire    + + .     SeeInvis .   (weapon currently unavailable)
rCold    + + .     Faith    .   (shield currently unavailable)
rNeg     + + +     Spirit   .   (armour currently unavailable)
rPois    ∞         Reflect  .   (helmet currently unavailable)
rElec    +         Harm     .   (cloak currently unavailable)
rCorr    +         Rampage  .   (gloves currently unavailable)
Will     .....                  (boots currently unavailable)
Stlth    +.........             (amulet currently unavailable)
HPRegen  0.09/turn              (ring currently unavailable)
MPRegen  0.08/turn              (ring currently unavailable)

@: wisp-form, flying
A: insubstial, flying, no casting, tiny, (nimble swimmer 2), (mertail)
a: no special abilities


You were on level 2 of the Dungeon.
You were an insubstantial wisp.
You visited 1 branch of the dungeon, and saw 2 of its levels.

You collected 106 gold pieces.

Inventory:

Hand Weapons
 a - a +0 trident (melded)
Armour
 b - a +0 leather armour (melded)
 c - a +1 helmet (melded)
Potions
 e - a potion of attraction {unknown}
 f - a potion of curing {unknown}
 g - a potion of lignification
 i - a potion of haste {unknown}
 j - a potion of heal wounds


   Skills:
 + Level 2.9 Fighting
 + Level 5.0 Polearms
 - Level 2.0 Throwing
 + Level 0.8 Armour
 + Level 4.6 Dodging


You had 2 spell levels left.
You didn't know any spells.
Your spell library was empty.

Dungeon Overview and Level Annotations

Branches:
Dungeon (2/15)

Altars:

Annotations:
D:2 Sigmund


Innate Abilities, Weirdness & Mutations

You are an insubstantial wisp.
Your tiny insubstantial body is highly resistant to most damage types.
You are flying.
Your equipment is entirely melded.
You are incapable of wielding weapons or throwing items.
You cannot cast spells.
((You are quick and stealthy near water. (Stealth+, EV+, Speed+++)))
((Your lower body shifts to a powerful aquatic tail in water.))


Message History

There is a stone staircase leading down here.
You start resting.
HP restored.
You climb downwards.
Level annotation: Sigmund Sigmund zaps a wand.
You turn into an insubstantial wisp.
Your +0 trident melds into your body.
Your +1 helmet melds into your body.
Your +0 leather armour melds into your body.
There is a stone staircase leading up, spattered with blood here.
You touch Sigmund but do no damage.
Sigmund completely misses you.
You touch Sigmund.
Sigmund is lightly wounded.
Sigmund gestures wildly while chanting.
Sigmund flickers and vanishes!
Deactivating autopickup; reactivate with Ctrl-A.
No target in view!
No target in view!
No target in view!
No target in view!
No target in view!
You touch something.
You hear a zap.
You touch something.
Something hits you but does no damage.
You touch something.
You hear some strange, mumbled words.
A puff of flame appears from out of thin air!
The puff of flame misses you.
You barely miss something. Something hits you but does no damage.
You touch something.
Something hits you but does no damage.
You touch something.
Something closely misses you.
You closely miss something.
You hear a zap.
Something tries to affect you, but you resist.
The now-empty wand crumbles to dust.
You touch something.
Something hits you.
You barely miss something. Something hits you!
You barely miss something. Something hits you.
* * * LOW HITPOINT WARNING * * *
x2 You closely miss something.
Something hits you!
You die...

##.##.##K###.##
####.....##....#.
#.......###.###.#
#.......###K###.####
#..................#
#.<.....###..##..#.#
#.......# #..##(.#
#.......# #.....{#
#.......# #...##v#
######### #...##.#
#....... ###.#####
#.# ..# ###


There were no monsters in sight!

Vanquished Creatures
  An adder (D:1)
  A dart slug (D:2)
  A bat (D:2)
  4 endoplasms
  4 giant cockroaches
  A goblin (D:1)
  5 hobgoblins
  4 jackals (D:1)
  2 quokkas (D:1)
  2 ball pythons
  A frilled lizard (D:1)
  2 kobolds
28 creatures vanquished.

Notes
Turn   | Place    | Note
-------+----------+-------------------------------------------
     0 | D:1      | Demosthentine the Merfolk Gladiator began the quest for the
                  | Orb.
     0 | D:1      | Reached XP level 1. HP: 16/16 MP: 1/1
   329 | D:1      | Reached XP level 2. HP: 23/23 MP: 2/2
  1180 | D:2      | Reached XP level 3. HP: 28/28 MP: 3/3
  1378 | D:2      | Reached skill level 5 in Polearms
  1422 | D:2      | Noticed Sigmund
  2149 | D:2      | Slain by Sigmund

Illustrated notes

Levels and vault maps discovered:
D:1:      tarquinn_simple_flora_water_e, layout_loops_ring, minivault_26,
          lemuel_flame_loot_1
D:2:      layout_loops_cross, dilly_ecumenical_altar_fadedgnrine, uniq_sigmund

Skill      XL: |  1  2  3 |
---------------+----------+-----
Polearms       | 5 |  5.0
Fighting       | |  2.9
Throwing       | |  2.0
Armour         | |  0.8
Dodging        | |  4.6

Action                   || total
-------------------------++-------
Melee: Trident           ||   105
       Unarmed           ||    23
Throw: Throwing net      ||     3
  Use: Scroll            ||     4
       Potion            ||     2
 Stab: Sleeping          ||     2
Armor: Leather armour    ||    27
       Skin              ||    49
Dodge: Dodged            ||    81

Table legend: (Time is in decaauts)
 A = Elapsed time spent in this place.
 B = Non-inter-level travel time spent in this place.
 C = Inter-level travel time spent in this place.
 D = Time resting spent in this place.
 E = Time spent auto-exploring this place.
 F = Levels seen in this place.
 G = Mean time per level.
                   A        B        C        D        E       F      G
               +--------+--------+--------+--------+--------+-----+--------+
         Total |   2158 |   2087 |     71 |    565 |   1171 |   2 | 1079.0 |
       Dungeon |   2158 |   2087 |     71 |    565 |   1171 |   2 | 1079.0 |
               +--------+--------+--------+--------+--------+-----+--------+

Top non-repeatable levels by time:
     D:1: 1706 daAuts
     D:2: 451 daAuts
